 Dungeon Crawl Stone Soup version 0.25.1-2-g60ff931df9 (webtiles) character file.

Game seed: 13362292660899172448

4458 pokeman the Thaumaturge (level 10, -2/56 HPs)
             Began as a Deep Elf Wizard on Oct 30, 2020.
             Was a Follower of Vehumet.
             Slain by a yak (5 damage)
             ... on level 9 of the Dungeon.
             The game lasted 00:27:42 (11857 turns).

pokeman the Thaumaturge (Deep Elf Wizard)          Turns: 11857, Time: 00:27:42

Health: -2/56      AC:  7    Str: 10    XL:     10   Next: 15%
Magic:  21/27      EV: 13    Int: 27    God:    Vehumet [*.....]
Gold:   357        SH:  0    Dex: 13    Spells: 20/32 levels left

rFire    . . .     SeeInvis .   P - +2 war axe (venom)
rCold    . . .     Gourm    .   (no shield)
rNeg     . . .     Faith    +   Q - +0 steam dragon scales
rPois    .         Spirit   .   b - +0 hat
rElec    .         Reflect  .   p - +1 cloak
rCorr    .         Harm     .   (no gloves)
MR       +....                  (no boots)
Stlth    ++........             j - amulet of faith
HPRegen  0.18/turn              J - +4 ring of slaying
MPRegen  0.20/turn              y - +6 ring of strength

@: studying Slings, drained
A: no striking features
a: Renounce Religion


You were on level 9 of the Dungeon.
You worshipped Vehumet.
Vehumet was aware of your devotion.
You were not hungry.

You visited 2 branches of the dungeon, and saw 10 of its levels.
You also visited: Sewer.

You collected 357 gold pieces.

Inventory:

Hand Weapons
 x - a +4 quarterstaff of chaos
 z - the +1 whip of the Witching Asp {flame, SInv}
   (You found it on level 4 of the Dungeon)

   It has been specially enchanted to burn those struck by it, causing extra
   injury to most foes and up to half again as much damage against particularly
   susceptible opponents.
   It lets you see invisible.
 P - a +2 war axe of venom (weapon)
Missiles
 h - 63 bolts
Armour
 b - a +0 hat (worn)
 f - a +0 leather armour
 p - a +1 cloak (worn)
 A - the +1 leather armour "Xyag" {Harm *Drain Str+10 Int-4}
   (You found it on level 4 of the Dungeon)

   It affects your strength (+10).
   It affects your intelligence (-4).
   It causes draining when unequipped.
   It increases damage dealt and taken.
 Q - +0 steam dragon scales (worn)
Jewellery
 a - an uncursed amulet of the acrobat
 j - an amulet of faith (around neck)
 t - the ring of Omus {rCorr Dex+4}
   (You took it off a goblin on level 3 of the Dungeon)

   [ring of resist corrosion]

   It affects your dexterity (+4).
   It provides partial protection from all sources of acid and corrosion.
 y - a +6 ring of strength (right hand)
 J - a +4 ring of slaying (left hand)
 L - an uncursed ring of stealth {unknown}
Wands
 s - a wand of clouds (6)
 u - a wand of disintegration (15)
 v - a wand of enslavement (6)
Scrolls
 c - 5 scrolls of teleportation
 g - 6 scrolls of remove curse
 i - a scroll of noise {unknown}
 l - 8 scrolls of identify {unknown}
 m - 2 scrolls of magic mapping {unknown}
 r - 3 scrolls of enchant armour {unknown}
 D - a scroll of blinking {unknown}
 F - a scroll of enchant weapon {unknown}
 G - a scroll of acquirement {unknown}
 H - a scroll of vulnerability {unknown}
 I - a scroll of amnesia {unknown}
 M - a scroll of torment {unknown}
 N - a scroll of fear {unknown}
Potions
 e - a potion of stabbing {unknown}
 k - a potion of haste {unknown}
 n - a potion of flight {unknown}
 o - a potion of brilliance {unknown}
 q - 3 potions of heal wounds
 w - 2 potions of magic {unknown}
 B - 4 potions of curing {unknown}
 C - 2 potions of degeneration {unknown}
 E - a potion of might
 O - a potion of lignification {unknown}
Books
 K - a manual of Slings
Comestibles
 d - 16 rations


   Skills:
 - Level 3.0(2.4) Fighting
 + Level 3.1(2.5) Armour
 - Level 3.1(2.4) Dodging
 - Level 3.0(2.4) Stealth
 * Level 11.9(11.0) Spellcasting
 * Level 9.4(8.6) Conjurations
 - Level 1.1(0.5) Summonings
 - Level 1.1(0.5) Translocations
 + Level 5.4(4.7) Fire Magic
 - Level 1.0(0.4) Air Magic
 - Level 2.3(1.7) Poison Magic
 - Level 1.0(0.4) Evocations


You had 20 spell levels left.
You knew the following spells:

 Your Spells              Type           Power        Failure   Level  Hunger
a - Magic Dart            Conj           ####         1%          1    None
b - Mephitic Cloud        Conj/Pois/Air  ####....     2%          3    None
c - Call Imp              Summ           ###.....     4%          2    None
d - Blink                 Tloc           N/A          4%          2    None
e - Conjure Flame         Conj/Fire      ######..     1%          3    None
f - Shock                 Conj/Air       ####         1%          1    None

Your spell library contained the following spells:

 Spells                   Type           Power        Failure   Level  Hunger
 Slow                     Hex            ##......     6%          2    None


Dungeon Overview and Level Annotations

Branches:
Dungeon (9/15)             Temple (1/1) D:7            Lair (0/6) D:8
  Sewer (visited)
    Orc: D:9-12

Altars:
Ashenzari
Elyvilon
Nemelex Xobeh
Okawaru
Trog
Vehumet
The Shining One

Shops:
D:7 %


Message History

Unknown command.
Unknown command.
You barely miss the yak.
The yak is heavily wounded.
The yak is engulfed in blazing flames.
The yak gores you!
The yak is engulfed in blazing flames.
The yak gores you.
The yak is engulfed in blazing flames.
The yak gores you.
Unknown command.
Unknown command.
You slash the yak!
The yak is poisoned.
The yak is heavily wounded.
You barely miss the yak.
The yak is engulfed in blazing flames.
Unknown command.
Unknown command.
You slash the yak!
The yak looks as sick as possible!
The yak is almost dead.
You closely miss the yak. The yak gores you!
* * * LOW HITPOINT WARNING * * *
The yak is engulfed in blazing flames.
The yak gores you.
You die...

.###........###...###..
.#####........#.........
.#######.................
..#####..................
...###..................[
....#....................
.........................
..........###............
........@Y# #...........
.......§Y§# #...........
........Yl.......
.................
............##...
...###..<.#..# .. #.
...##..#.. # ###.# ##....
.## ....


You could see 3 yaks and a leopard gecko.

Vanquished Creatures
  Maggie (D:8)
  A hornet (D:7)
  A spriggan (D:8)
  Sigmund (D:4)
  2 yaks (D:9)
  Edmund (D:4)
  Duvessa (D:7)
  2 sky beasts
  A phantom (D:4)
  3 ice beasts (D:5)
  A black bear (D:6)
  2 ogres
  2 centaurs (D:5)
  3 bullfrogs
  A big kobold (D:7)
  3 scorpions
  A water moccasin skeleton (D:8)
  Dowan (D:7)
  8 wights
  A howler monkey (D:5)
  3 crimson imps (D:6)
  2 centaur zombies
  3 hounds
  3 jellies
  A quasit (D:5)
  2 centaur skeletons
  4 orc priests
  3 orc wizards
  Crazy Yiuf (D:3)
  An iguana (D:6)
  10 worker ants
  A hound zombie (D:6)
  A hound skeleton (D:5)
  7 gnolls
  9 adders
  3 shadow imps (D:5)
  An adder skeleton (D:6)
  5 worms
  5 dart slugs
  8 leopard geckos
  18 orcs
  5 ball pythons
  7 giant cockroaches
  9 goblins
  11 hobgoblins
  3 jackals (D:2)
  4 quokkas
  12 bats
  17 frilled lizards
  12 kobolds
  12 rats
220 creatures vanquished.

Vanquished Creatures (collateral kills)
  Ijyb (D:3)
  3 orcs (D:3)
4 creatures vanquished.

Vanquished Creatures (others)
  A quokka (D:3)
1 creature vanquished.

Grand Total: 225 creatures vanquished

Notes
Turn   | Place    | Note
-------+----------+-------------------------------------------
     0 | D:1      | pokeman the Deep Elf Wizard began the quest for the Orb.
     0 | D:1      | Reached XP level 1. HP: 10/10 MP: 7/7
   218 | D:1      | Reached XP level 2. HP: 15/15 MP: 0/9
  1017 | D:2      | Reached skill level 5 in Spellcasting
  1142 | D:2      | Reached XP level 3. HP: 20/20 MP: 1/11
  1147 | D:2      | Learned a level 3 spell: Mephitic Cloud
  1150 | D:2      | Learned a level 2 spell: Call Imp
  1153 | D:2      | Learned a level 2 spell: Blink
  1157 | D:2      | Learned a level 3 spell: Conjure Flame
  1679 | D:2      | Reached skill level 1 in Fighting
  1679 | D:2      | Reached skill level 1 in Armour
  1931 | D:2      | Reached XP level 4. HP: 25/25 MP: 5/13
  2883 | D:3      | Identified the ring of Omus {rCorr Dex+4}
  2968 | D:3      | Reached skill level 1 in Air Magic
  2968 | D:3      | Reached XP level 5. HP: 16/29 MP: 1/15
  3119 | D:3      | Reached skill level 6 in Spellcasting
  3505 | D:3      | Found a white marble altar of Elyvilon.
  3710 | D:3      | Reached skill level 1 in Fire Magic
  3713 | D:3      | Noticed Ijyb
  3747 | D:3      | Killed Ijyb
  4119 | D:3      | Found a runed translucent door.
  4122 | D:3      | Noticed Crazy Yiuf
  4164 | D:3      | Killed Crazy Yiuf
  4702 | D:4      | Noticed Edmund
  4729 | D:4      | Killed Edmund
  4729 | D:4      | Reached skill level 1 in Poison Magic
  4729 | D:4      | Reached XP level 6. HP: 30/34 MP: 6/17
  4776 | D:4      | Found an iron altar of Okawaru.
  4789 | D:4      | Reached skill level 7 in Spellcasting
  4817 | D:4      | Got an ivory whip
  4868 | D:4      | Got a spiked leather armour
  4909 | D:4      | Noticed Sigmund
  4922 | D:4      | Killed Sigmund
  4922 | D:4      | Reached skill level 1 in Evocations
  4922 | D:4      | Reached XP level 7. HP: 38/38 MP: 12/20
  5049 | D:4      | Found a bloodstained altar of Trog.
  5087 | D:4      | Found a glowing drain.
  5103 | Sewer    | Entered a sewer
  5395 | Sewer    | Identified the cursed +1 leather armour "Xyag" {Harm *Drain
                  | Str+10 Int-4} (You found it on level 4 of the Dungeon)
  5395 | Sewer    | Identified the cursed +1 whip of the Witching Asp {flame,
                  | SInv} (You found it on level 4 of the Dungeon)
  5597 | Sewer    | Reached skill level 5 in Conjurations
  5607 | Sewer    | Reached skill level 8 in Spellcasting
  6370 | D:4      | Reached XP level 8. HP: 44/44 MP: 14/22
  6610 | D:5      | Entered Level 5 of the Dungeon
  6908 | D:5      | Reached skill level 9 in Spellcasting
  8346 | D:6      | Reached skill level 10 in Spellcasting
  8456 | D:5      | Reached XP level 9. HP: 49/49 MP: 6/25
  9430 | D:7      | Found a staircase to the Ecumenical Temple.
  9439 | Temple   | Entered the Ecumenical Temple
  9477 | Temple   | Became a worshipper of Vehumet
  9524 | D:7      | Found Kenerr's Food Emporium.
  9597 | D:7      | Reached skill level 11 in Spellcasting
 10456 | D:7      | Noticed Dowan
 10458 | D:7      | Noticed Duvessa
 10461 | D:7      | Killed Dowan
 10481 | D:7      | Killed Duvessa
 10738 | D:8      | Reached * piety under Vehumet
 10738 | D:8      | Offered knowledge of Shock by Vehumet.
 10741 | D:8      | Learned a level 1 spell: Shock
 10990 | D:8      | Noticed Maggie
 11003 | D:8      | Killed Maggie
 11003 | D:8      | Reached skill level 5 in Fire Magic
 11105 | D:8      | Found a staircase to the Lair.
 11269 | D:8      | Reached XP level 10. HP: 56/56 MP: 19/27
 11857 | D:9      | Slain by a yak

Illustrated notes

Levels and vault maps discovered:
D:1:      minmay_arrival_four_loops, layout_basic, serial_glass,
          glass_columns_b, glass_columns_c, glass_columns_b, glass_columns_a,
          glass_columns_a, glass_columns_b, st_stairs_11,
          minmay_misc_feat_enclosed
D:2:      layout_basic, first_ration, minmay_box_of_dots
D:3:      layout_basic, elyvilon_altar_4, minmay_checkerbox, uniq_ijyb,
          uniq_crazy_yiuf_cottage
D:4:      layout_cave_pods, lemuel_round_altar, lightli_temple_of_fire,
          portal_sewer_entry_a, uniq_sigmund, uniq_edmund
D:5:      layout_rooms, hangedman_glass_teeth, minmay_manual_macuahuitl
D:6:      layout_rooms
D:7:      layout_basic, minmay_temple_entry_mini_moons, serial_shops,
          nicolae_shop_trees, uniq_duvessa
D:8:      layout_basic, dpeg_oklobed_lair, the_bakery, uniq_maggie
D:9:      layout_big_octagon, cheibriados_altar_1, serial_shops, shop
Temple:   dpeg_five_rooms_temple

Skill      XL: |  1  2  3  4  5  6  7  8  9 10 |
---------------+-------------------------------+-----
Spellcasting   | 5 6 7 8 10 11 | 11.9
Fighting       | 1 2 3 |  3.0
Armour         | 1 2 3 |  3.1
Conjurations   | 2 3 4 5 7 9 |  9.4
Air Magic      | 1 |  1.0
Fire Magic     | 1 2 3 5 |  5.4
Poison Magic   | 1 2 |  2.3
Evocations     | 1 |  1.0
Dodging        | 3 |  3.1
Stealth        | 3 |  3.0
Summonings     | |  1.1
Translocations | |  1.1

Action                   |  1- 3 |  4- 6 |  7- 9 | 10-12 || total
-------------------------+-------+-------+-------+-------++-------
Melee: Unarmed           |     4 |     3 |       |       ||     7
       Quarterstaff      |       |    25 |     5 |       ||    30
       Mace              |       |     1 |       |       ||     1
       Whip              |       |       |    97 |       ||    97
       War axe           |       |       |     4 |     7 ||    11
 Cast: Magic Dart        |   106 |   162 |   324 |     3 ||   595
       Call Imp          |       |     4 |     2 |       ||     6
       Mephitic Cloud    |       |     6 |    21 |     1 ||    28
       Conjure Flame     |       |     3 |    17 |     3 ||    23
       Blink             |       |     1 |     2 |       ||     3
       Shock             |       |       |    14 |    20 ||    34
  Use: Scroll            |       |       |     2 |       ||     2
 Stab: Confused          |       |     3 |    10 |       ||    13
  Eat: Chunk             |     3 |     9 |    16 |     2 ||    30
       Ration            |       |       |     1 |       ||     1
Armor: Leather armour    |     4 |    13 |    44 |       ||    61
       Robe              |     1 |       |       |       ||     1
       Steam dragon scal |       |       |     1 |     1 ||     2
Dodge: Dodged            |    13 |    43 |    95 |     2 ||   153
